[Event "Mentese WGM 2019"]
[Site "Mentese"]
[Date "2019.06.24"]
[Round "6.5"]
[White "Arda, Cagil Irmak"]
[Black "Aydin, Gulenay"]
[Result "*"]
[ECO "B38"]
[WhiteElo "2069"]
[BlackElo "1967"]
[Annotator "NA RC"]
[PlyCount "91"]
[EventDate "2019.06.24"]
[EventType "schev"]
[EventCountry "TUR"]
[SourceTitle "playchess.com"]
[Source "ChessBase"]
[SourceQuality "1"]
[TimeControl "5400+30"]

1. e4 c5 2. Nf3 d6 3. d4 cxd4 4. Nxd4 Nf6 5. f3 g6 6. c4 Bg7 7. Nc3 O-O 8. Be3 Nc6 9. Qd2 Bd7 10. Be2 a6 11. O-O Qa5 12. Nxc6 bxc6 13. c5 Rfd8 14. cxd6 exd6 15. Qxd6 Be8 16. Qg3 Rab8 17. Rab1 Nd7 18. Qg5 Ne5 19. b4 Qc7 20. Rfc1 h6 21. Qg3 Qe7 22. Bc5 Qe6 23. f4 Nd7 24. Bf2 a5 25. bxa5 Rxb1 26. Rxb1 Ra8 27. a6 Bxc3 28. Qxc3 Qxa2 29. Re1 Nb8 30. a7 Rxa7 31. Bxa7 Qxa7+ 32. Kh1 Nd7 33. Bf3 Nf8 34. Ra1 Qc7 35. Ra8 Qb7 36. Qa1 Bd7 37. h3 c5 38. Qa5 Bc6 39. Rd8 Qe7 40. Rc8 Qd7 41. Qc7 Qxc7 42. Rxc7 Bd7 43. Rxc5 Ne6 44. Rd5 Bc6 45. Rd6 Bb7 46. Rb6 *

[Event "Mentese WGM 2019"]
[Site "Mentese"]
[Date "2019.06.24"]
[Round "7.4"]
[White "Anacoglu, Cisel"]
[Black "Arda, Cagil Irmak"]
[Result "1/2-1/2"]
[ECO "B51"]
[WhiteElo "1973"]
[BlackElo "2069"]
[Annotator "NA RC"]
[PlyCount "102"]
[EventDate "2019.06.24"]
[EventType "schev"]
[EventCountry "TUR"]
[SourceTitle "playchess.com"]
[Source "ChessBase"]
[SourceQuality "1"]
[TimeControl "5400+30"]

1. e4 c5 2. Nf3 d6 3. Bb5+ Nd7 4. O-O Ngf6 5. Re1 a6 6. Bd3 e6 7. c3 b6 8. Bc2 c4 9. b3 cxb3 10. axb3 Bb7 11. d4 Be7 12. Nbd2 Qc7 13. Bb2 e5 14. c4 O-O 15. Nf1 Rfe8 16. Ng3 Bf8 17. Qd2 g6 18. h4 Rac8 19. Rac1 Qd8 20. Rcd1 Ng4 21. Qe2 exd4 22. Bxd4 Nde5 23. Nxe5 Nxe5 24. h5 Nc6 25. Ba1 Qg5 26. Qf3 Ne5 27. Qc3 f6 28. hxg6 hxg6 29. Qd2 Qxd2 30. Rxd2 d5 31. exd5 Bb4 32. Rxe5 Rxe5 33. Bxe5 Bxd2 34. Bxf6 Bxd5 35. Bxg6 Bf7 36. Bf5 Rc6 37. Ne4 b5 38. g4 bxc4 39. bxc4 Be6 40. Bxe6+ Rxe6 41. f3 Be3+ 42. Kf1 a5 43. Ke2 Bh6 44. Kd3 a4 45. g5 Bf8 46. Kc2 a3 47. Kb3 Rb6+ 48. Ka2 Rc6 49. c5 Bxc5 50. Nxc5 Rxc5 51. Kxa3 Rf5 1/2-1/2

[Event "Mentese WGM 2019"]
[Site "Mentese"]
[Date "2019.06.25"]
[Round "8.1"]
[White "Khomeriki, Nino"]
[Black "Rakhmangulova, Anastasiya"]
[Result "1-0"]
[ECO "D05"]
[WhiteElo "2313"]
[BlackElo "2217"]
[Annotator "NA"]
[PlyCount "71"]
[EventDate "2019.06.24"]
[EventType "schev"]
[EventCountry "TUR"]
[SourceTitle "playchess.com"]
[Source "ChessBase"]
[SourceQuality "1"]
[TimeControl "5400+30"]

1. d4 Nf6 2. Nf3 d5 3. e3 e6 4. Bd3 Bd6 5. Nbd2 O-O 6. b3 c5 7. Bb2 cxd4 8. exd4 Qe7 9. O-O Ba3 10. Qc1 Bxb2 11. Qxb2 Nc6 12. Ne5 Bd7 13. Rae1 Rfd8 14. c3 a5 15. f4 Qd6 16. Ndf3 Ne7 17. Qc2 g6 18. Qf2 Be8 19. g4 b5 20. Qh4 Kg7 21. f5 exf5 22. gxf5 Rdc8 23. Ng5 Rxc3 24. Nexf7 Bxf7 25. Nxf7 Kxf7 26. Re6 g5 27. Qe1 Qb4 28. Rxf6+ Kxf6 29. Qe6+ Kg7 30. f6+ Kh8 31. fxe7 Qxd4+ 32. Kh1 Rcc8 33. Bxh7 Qg7 34. Bd3 Re8 35. Rf6 Ra6 36. Qxa6 1-0

[Event "Mentese WGM 2019"]
[Site "Mentese"]
[Date "2019.06.25"]
[Round "8.3"]
[White "Arda, Cagil Irmak"]
[Black "Novikova, Margarita"]
[Result "1/2-1/2"]
[ECO "C13"]
[WhiteElo "2069"]
[BlackElo "2020"]
[Annotator "NA"]
[PlyCount "75"]
[EventDate "2019.06.24"]
[EventType "schev"]
[EventCountry "TUR"]
[SourceTitle "playchess.com"]
[Source "ChessBase"]
[SourceQuality "1"]
[TimeControl "5400+30"]

1. e4 e6 2. d4 d5 3. Nd2 dxe4 4. Nxe4 Nd7 5. Nf3 Ngf6 6. Bg5 Be7 7. Nxf6+ Bxf6 8. Be3 O-O 9. Bd3 Re8 10. Ne5 Bxe5 11. dxe5 Nxe5 12. Bxh7+ Kxh7 13. Qh5+ Kg8 14. Qxe5 Qd6 15. Qe4 Qd5 16. Qh4 Qa5+ 17. c3 Qf5 18. Rd1 e5 19. Qa4 Be6 20. O-O Qg4 21. Qxg4 Bxg4 22. f3 Be6 23. a3 Red8 24. Rfe1 a6 25. Rxd8+ Rxd8 26. Bc1 Bb3 27. Kf2 Re8 28. Re2 f6 29. Rd2 Ba4 30. g4 e4 31. Rd4 Bc6 32. fxe4 Bxe4 33. Rd7 c5 34. Be3 Bc6 35. Rc7 Re4 36. h3 c4 37. g5 fxg5 38. Bxg5 1/2-1/2

[Event "Mentese WGM 2019"]
[Site "Mentese"]
[Date "2019.06.25"]
[Round "8.4"]
[White "Atalik, Ekaterina"]
[Black "Anacoglu, Cisel"]
[Result "1-0"]
[ECO "D17"]
[WhiteElo "2452"]
[BlackElo "1973"]
[Annotator "ChessBase"]
[PlyCount "101"]
[EventDate "2019.06.24"]
[EventType "schev"]
[EventCountry "TUR"]
[SourceTitle "playchess.com"]
[Source "ChessBase"]
[SourceQuality "1"]
[TimeControl "5400+30"]

1. d4 d5 2. c4 c6 3. Nf3 Nf6 4. Nc3 dxc4 5. a4 Bf5 6. Ne5 Na6 7. Nxc4 Nb4 8. Ne3 e6 9. Nxf5 exf5 10. e3 Bd6 11. g3 O-O 12. Bg2 Qc7 13. O-O Rfe8 14. Bd2 h5 15. Qb1 g6 16. e4 fxe4 17. Nxe4 Nxe4 18. Bxe4 Re6 19. Bg2 Rae8 20. Ra3 h4 21. Qd1 Nd5 22. Rb3 hxg3 23. hxg3 Bf8 24. Bxd5 cxd5 25. Qf3 Re4 26. Be3 Bg7 27. Rd1 Qc6 28. a5 b6 29. axb6 axb6 30. Rc1 Qd6 31. Rd3 Qd7 32. Qd1 Qd6 33. Kg2 Qb4 34. Rb3 Qd6 35. Rcc3 g5 36. Bxg5 Rxd4 37. Rd3 Rxd3 38. Qxd3 d4 39. Qf3 Qc5 40. Bf4 b5 41. Qb7 Rc8 42. Rxb5 Qc6+ 43. Qxc6 Rxc6 44. b4 Rc2 45. Rd5 Rb2 46. b5 d3 47. Be3 Kh7 48. b6 Rb3 49. Kf3 Kg6 50. Rd6+ f6 51. g4 1-0

[Event "Mentese WGM 2019"]
[Site "Mentese"]
[Date "2019.06.25"]
[Round "8.5"]
[White "Doluhanova, Evgeniya"]
[Black "Aydin, Gulenay"]
[Result "1-0"]
[ECO "E91"]
[WhiteElo "2319"]
[BlackElo "1967"]
[Annotator "NA"]
[PlyCount "69"]
[EventDate "2019.06.24"]
[EventType "schev"]
[EventCountry "TUR"]
[SourceTitle "playchess.com"]
[Source "ChessBase"]
[SourceQuality "1"]
[TimeControl "5400+30"]

1. Nf3 Nf6 2. c4 g6 3. Nc3 Bg7 4. e4 d6 5. d4 O-O 6. Be2 Bg4 7. Be3 Nfd7 8. Qd2 c5 9. d5 Na6 10. Bh6 Nc7 11. Bxg7 Kxg7 12. h4 h5 13. Nh2 Bxe2 14. Nxe2 Nf6 15. f3 b5 16. cxb5 Nxb5 17. a4 Nc7 18. g4 Rh8 19. Qc3 Kg8 20. g5 Nd7 21. O-O Rb8 22. f4 Rb4 23. f5 Ne5 24. fxg6 fxg6 25. Rf4 Rh7 26. Raf1 Rf7 27. Rxf7 Nxf7 28. Nf4 Ne5 29. Nf3 Rc4 30. Qe3 Qd7 31. Nxe5 dxe5 32. Ng2 Ne8 33. Qf3 Nd6 34. Qf8+ Kh7 35. Qh6+ 1-0

[Event "Mentese WGM 2019"]
[Site "Mentese"]
[Date "2019.06.26"]
[Round "9.2"]
[White "Zubova, Mariya"]
[Black "Arda, Cagil Irmak"]
[Result "1-0"]
[ECO "C01"]
[WhiteElo "2164"]
[BlackElo "2069"]
[Annotator "NA"]
[PlyCount "77"]
[EventDate "2019.06.24"]
[EventType "schev"]
[EventCountry "TUR"]
[SourceTitle "playchess.com"]
[Source "ChessBase"]
[SourceQuality "1"]
[TimeControl "5400+30"]

1. e4 e6 2. d4 d5 3. exd5 exd5 4. Bd3 Nc6 5. c3 Bd6 6. Qf3 Nf6 7. h3 h6 {[%emt 0:01:30] C01: French: Exchange Variation} 8. Ne2 Be6 9. O-O Qd7 10. Bf4 Ne7 11. Nd2 O-O-O 12. b4 $146 ({Predecessor:} 12. Rfc1 Kb8 13. c4 dxc4 14. Bxd6 Qxd6 15. Bxc4 {½-½ (28) Barbier,A (1662)-Maurissen,W (1901) Lommel 2012}) 12... Bxf4 13. Nxf4 Bf5 14. Rfe1 Bh7 15. Nb3 Be4 16. Bxe4 dxe4 17. Qd1 Qd6 18. Ne2 Nf5 19. Na5 g5 20. Qa4 $15 Nh4 21. Nc4 Qe6 22. Ne5 Kb8 23. Ng3 Nd5 24. Nxe4 Nxg2 25. Nc5 Qxh3 26. Nc6+ bxc6 27. Qxc6 Qc8 28. Na6+ Qxa6 29. Qxa6 Nxe1 30. Rxe1 Nxc3 31. Qc4 Nd5 32. a4 Nb6 33. Qxf7 Nxa4 34. Rc1 Rc8 35. Ra1 Nb6 36. Qa2 Rcd8 37. Qxa7+ Kc8 38. Rc1 Nd5 39. Qa8+ 1-0

[Event "Mentese WGM 2019"]
[Site "Mentese"]
[Date "2019.06.26"]
[Round "9.3"]
[White "Novikova, Margarita"]
[Black "Atalik, Ekaterina"]
[Result "0-1"]
[ECO "A48"]
[WhiteElo "2020"]
[BlackElo "2452"]
[Annotator "ChessBase"]
[PlyCount "114"]
[EventDate "2019.06.24"]
[EventType "schev"]
[EventCountry "TUR"]
[SourceTitle "playchess.com"]
[Source "ChessBase"]
[SourceQuality "1"]
[TimeControl "5400+30"]

1. d4 Nf6 2. Nf3 g6 3. Bf4 Bg7 4. e3 c5 5. c3 Qb6 6. Qb3 Qxb3 7. axb3 cxd4 8. exd4 d6 9. h3 Nc6 10. b4 O-O 11. b5 Nd8 12. Be2 Ne6 13. Bh2 Nd5 14. O-O Ndf4 15. Bc4 d5 16. Bb3 Bd7 17. Na3 a6 18. h4 axb5 19. Nc2 Nd3 20. Rab1 Nef4 21. g3 Bg4 22. Nd2 Ne2+ 23. Kg2 b4 24. Ne3 bxc3 25. bxc3 Be6 26. Bc2 Nxc3 27. Rb3 Bxd4 28. Bxd3 Bxe3 29. fxe3 d4 30. Rb2 dxe3 31. Nb1 Rfd8 32. Nxc3 Rxd3 33. Ne2 Bg4 34. Bg1 Rad8 35. Rf4 Rd2 36. Rfb4 Bxe2 37. Bxe3 Rxb2 38. Rxb2 Bc4 39. Rb6 Bd5+ 40. Kf2 Bc6 41. Rb2 f6 42. Bc5 Kf7 43. Ke3 Rd5 44. Bb6 Rf5 45. Ke2 Rf3 46. Bf2 Ra3 47. Rb6 e5 48. Rb2 Ke6 49. Rd2 Kf5 50. Rd8 Bb5+ 51. Ke1 Ke4 52. Bc5 Rxg3 53. Be7 f5 54. Rh8 Kf3 55. Rxh7 e4 56. Kd2 e3+ 57. Kc2 Rg4 0-1

[Event "Mentese WGM 2019"]
[Site "Mentese"]
[Date "2019.06.26"]
[Round "9.4"]
[White "Anacoglu, Cisel"]
[Black "Doluhanova, Evgeniya"]
[Result "0-1"]
[ECO "C65"]
[WhiteElo "1973"]
[BlackElo "2319"]
[Annotator "NA"]
[PlyCount "108"]
[EventDate "2019.06.24"]
[EventType "schev"]
[EventCountry "TUR"]
[SourceTitle "playchess.com"]
[Source "ChessBase"]
[SourceQuality "1"]
[TimeControl "5400+30"]

1. e4 e5 2. Nf3 Nc6 3. Bb5 Nf6 4. d3 Bc5 5. Bxc6 dxc6 6. h3 {[%emt 0:00:00] C65: Ruy Lopez: Berlin Defence (3...Nf6), unusual lines and 4 0-0 Bc5} (6. O-O Bd6 7. Nbd2 Be6 8. d4 Nd7 9. dxe5 Nxe5 10. Nxe5 Bxe5 11. f4 Qd4+ 12. Kh1 Bd6 13. Qe2 O-O-O {½-½ (44) Leko,P (2702)-Wang,H (2795) Hengshui 2019}) 6... O-O 7. O-O Nd7 8. Be3 f6 $146 ({Predecessor:} 8... Bd6 9. Nbd2 Re8 10. Nc4 Nf8 11. a4 c5 12. a5 Ng6 13. Qd2 Bf8 {½-½ (48) Karthikeyan,M (2513)-Balogh,C (2635) Biel 2016}) 9. Nbd2 Qe7 10. a4 a5 11. Nc4 Rd8 12. Qe2 Nf8 13. Nfd2 b6 14. Nb3 Bxe3 15. fxe3 c5 16. Nbd2 Be6 17. b3 Ra6 18. Nb1 c6 19. Nc3 Rb8 20. Na3 Ra7 21. Qf2 Qd7 22. Nc4 b5 23. Nd2 $1 Qe7 24. d4 $15 (24. axb5 $11 cxb5 25. Qg3) 24... cxd4 25. exd4 exd4 26. Qxd4 Rd7 27. Qe3 Rbd8 28. Nf3 b4 29. Ne2 Bf7 30. Ned4 Qc5 31. Nf5 Qxe3+ 32. Nxe3 Re8 33. e5 fxe5 34. Ng4 Ng6 35. Rfe1 e4 36. Ng5 Bd5 37. Rad1 Rde7 38. h4 Nxh4 39. Ne3 Re5 40. Nh3 Nf5 41. Nf2 Nxe3 42. Rxe3 h5 43. Rde1 R8e6 44. Nh3 Rf5 45. Nf2 Rg5 46. Nh3 Rg4 47. Nf2 Rf4 48. g3 Rf3 49. Rxf3 exf3 50. Rxe6 Bxe6 51. Nd3 Bf5 52. Kf2 Bxd3 53. cxd3 g5 54. Kxf3 Kf7 0-1

[Event "Mentese WGM 2019"]
[Site "Mentese"]
[Date "2019.06.26"]
[Round "9.5"]
[White "Aydin, Gulenay"]
[Black "Khomeriki, Nino"]
[Result "0-1"]
[ECO "C48"]
[WhiteElo "1967"]
[BlackElo "2313"]
[Annotator "NA"]
[PlyCount "100"]
[EventDate "2019.06.24"]
[EventType "schev"]
[EventCountry "TUR"]
[SourceTitle "playchess.com"]
[Source "ChessBase"]
[SourceQuality "1"]
[TimeControl "5400+30"]

1. e4 e5 2. Nf3 Nc6 3. Nc3 Nf6 4. Bb5 Bc5 5. d3 O-O 6. Bg5 {[%emt 0:01:30] C48: Four Knights: 4 Bb5, replies other than 4...Bb4} (6. Bxc6 dxc6 7. Be3 Bd6 8. h3 c5 9. g4 Nd7 10. Ne2 Nb8 11. Ng3 Nc6 12. Nf5 Re8 13. h4 Bf8 {1-0 (37) So,W (2778)-Karjakin,S (2782) Stavanger 2018}) 6... h6 7. Bh4 g5 8. Bg3 d6 9. Qd2 Nd4 10. Bc4 Nxf3+ 11. gxf3 Bh3 $146 ({Predecessor:} 11... c6 12. h4 Nh7 13. O-O-O Kg7 14. hxg5 hxg5 {1-0 (38) Czech,T-Tillmann,U Germany 1992}) 12. Rg1 Kh7 13. O-O-O c6 14. Ne2 b5 15. Bb3 a5 16. c3 Bb6 17. d4 Bc7 18. Rge1 ({White should play} 18. Bc2 $16) 18... a4 19. Bc2 Nh5 20. Ng1 Be6 21. d5 Bd7 22. dxc6 Bxc6 23. a3 $15 ({White should try} 23. Ne2 $11) 23... Qe7 24. Ne2 Qf6 25. Qe3 Bd7 26. h4 g4 27. f4 Be6 28. Kb1 Bc4 29. fxe5 dxe5 30. Nc1 Bb6 31. Qd2 Rad8 32. Bd3 Nxg3 33. fxg3 Qf2 34. Qe2 Bxd3+ 35. Rxd3 Rxd3 36. Nxd3 Qxg3 37. Rf1 Qe3 38. Qc2 Rd8 39. Nxe5 g3 40. Rxf7+ Kg8 41. Rf3 Qe1+ 42. Ka2 Rd1 43. Rxg3+ Kh7 44. Rg7+ Kxg7 45. Qg2+ Kf6 46. Qg6+ Kxe5 47. Qf5+ Kd6 48. Qf6+ Kc7 49. Qe7+ Kc8 50. Qe6+ Kb7 0-1

[Event "Mentese WGM 2019"]
[Site "Mentese"]
[Date "2019.06.26"]
[Round "10.1"]
[White "Arda, Cagil Irmak"]
[Black "Rakhmangulova, Anastasiya"]
[Result "1/2-1/2"]
[ECO "B07"]
[WhiteElo "2069"]
[BlackElo "2217"]
[Annotator "NA"]
[PlyCount "29"]
[EventDate "2019.06.24"]
[EventType "schev"]
[EventCountry "TUR"]
[SourceTitle "playchess.com"]
[Source "ChessBase"]
[SourceQuality "1"]
[TimeControl "5400+30"]

1. e4 d6 2. d4 Nf6 3. Nc3 e5 4. dxe5 dxe5 5. Qxd8+ Kxd8 6. Nf3 Bd6 7. Be3 h6 8. h3 c6 9. Be2 Be6 10. Bd3 Bc8 11. Be2 Be6 12. Bd3 Bc8 13. Be2 Be6 14. Bd3 Bc8 15. Ng1 1/2-1/2

[Event "Mentese WGM 2019"]
[Site "Mentese"]
[Date "2019.06.26"]
[Round "10.2"]
[White "Atalik, Ekaterina"]
[Black "Zubova, Mariya"]
[Result "1-0"]
[ECO "D78"]
[WhiteElo "2452"]
[BlackElo "2164"]
[Annotator "ChessBase"]
[PlyCount "93"]
[EventDate "2019.06.24"]
[EventType "schev"]
[EventCountry "TUR"]
[SourceTitle "playchess.com"]
[Source "ChessBase"]
[SourceQuality "1"]
[TimeControl "5400+30"]

1. d4 Nf6 2. Nf3 g6 3. g3 Bg7 4. Bg2 d5 5. O-O O-O 6. c4 c6 7. Qb3 dxc4 8. Qxc4 Na6 9. Nc3 Be6 10. Qa4 Qb6 11. e4 h6 12. h3 Rfd8 13. Rd1 Rac8 14. Qc2 Ne8 15. Be3 Qa5 16. a3 c5 17. d5 Bd7 18. e5 Bf5 19. Ne4 c4 20. g4 Bd7 21. Nc3 e6 22. Nd4 Nc5 23. f4 exd5 24. Nxd5 Ba4 25. Qxc4 Bxd1 26. b4 Qa4 27. Ne7+ Kf8 28. Nxc8 Rxc8 29. Qf1 Bxg4 30. hxg4 Ne6 31. Nxe6+ fxe6 32. Bc5+ Kf7 33. Bxb7 Rd8 34. Bf3 Bf8 35. Bxf8 Kxf8 36. Qc4 Ng7 37. Bc6 Rd1+ 38. Kf2 Rd2+ 39. Ke3 Qc2 40. Qxc2 Rxc2 41. Be4 Rc3+ 42. Kd4 Rg3 43. Rc1 Rxg4 44. Rc8+ Kf7 45. Rc7+ Kf8 46. Rxa7 Rxf4 47. b5 1-0

[Event "Mentese WGM 2019"]
[Site "Mentese"]
[Date "2019.06.26"]
[Round "10.3"]
[White "Doluhanova, Evgeniya"]
[Black "Novikova, Margarita"]
[Result "1-0"]
[ECO "C44"]
[WhiteElo "2319"]
[BlackElo "2020"]
[Annotator "NA"]
[PlyCount "75"]
[EventDate "2019.06.24"]
[EventType "schev"]
[EventCountry "TUR"]
[SourceTitle "playchess.com"]
[Source "ChessBase"]
[SourceQuality "1"]
[TimeControl "5400+30"]

1. e4 e5 2. Nf3 Nf6 3. d3 Nc6 4. g3 d5 5. Qe2 dxe4 6. dxe4 Bg4 7. c3 Qd7 8. h3 Bh5 9. Bg5 Be7 10. Nbd2 h6 11. Bxf6 Bxf3 12. Qxf3 Bxf6 13. h4 Rd8 14. O-O-O Qe7 15. Qe3 a6 16. Be2 O-O 17. Rdg1 b5 18. Nb3 b4 19. Qc5 Qxc5 20. Nxc5 bxc3 21. bxc3 a5 22. Bb5 Na7 23. Ba4 Be7 24. Nd7 Ba3+ 25. Kc2 Rfe8 26. Rb1 Bd6 27. Rb7 Nc8 28. c4 Bb4 29. c5 Re7 30. Rd1 Kh8 31. Rxc7 g6 32. Kb3 Kg7 33. a3 Bxc5 34. Rxc5 Nb6 35. Rc7 Re6 36. Bb5 Nc8 37. Nc5 a4+ 38. Kc2 1-0

[Event "Mentese WGM 2019"]
[Site "Mentese"]
[Date "2019.06.26"]
[Round "10.4"]
[White "Khomeriki, Nino"]
[Black "Anacoglu, Cisel"]
[Result "1-0"]
[ECO "D13"]
[WhiteElo "2313"]
[BlackElo "1973"]
[Annotator "NA"]
[PlyCount "95"]
[EventDate "2019.06.24"]
[EventType "schev"]
[EventCountry "TUR"]
[SourceTitle "playchess.com"]
[Source "ChessBase"]
[SourceQuality "1"]
[TimeControl "5400+30"]

1. d4 d5 2. c4 c6 3. cxd5 cxd5 4. Bf4 Nc6 5. e3 Nf6 6. Nc3 Ne4 7. Bd3 Nxc3 8. bxc3 e6 9. Nf3 Bd6 10. Qc2 h6 11. O-O O-O 12. Rae1 Qe7 13. Bxd6 Qxd6 14. e4 dxe4 15. Bxe4 b6 16. Ne5 Bb7 17. f4 Rac8 18. Qf2 Na5 19. Bxb7 Nxb7 20. Re3 Qd8 21. f5 exf5 22. Qxf5 Rxc3 23. Rxc3 Qxd4+ 24. Kh1 Qxc3 25. Nd7 Nd6 26. Qd5 Qc4 27. Qxc4 Nxc4 28. Nxf8 Kxf8 29. Re1 f6 30. Kg1 Ne5 31. Rc1 a5 32. Rc7 h5 33. Kf1 Kg8 34. Ke2 Kh7 35. Rb7 Nc4 36. Kd3 Nb2+ 37. Kc2 Na4 38. Rb8 Kh6 39. Kb3 Nc5+ 40. Kc4 Nd7 41. Rd8 Ne5+ 42. Kb5 Ng4 43. Kxb6 Nxh2 44. Kxa5 Ng4 45. Kb5 Ne3 46. a4 Nxg2 47. a5 h4 48. a6 1-0

[Event "Mentese WGM 2019"]
[Site "Mentese"]
[Date "2019.06.26"]
[Round "10.5"]
[White "Dimitrijevic, Aleksandra"]
[Black "Aydin, Gulenay"]
[Result "1/2-1/2"]
[ECO "A30"]
[WhiteElo "2190"]
[BlackElo "1967"]
[Annotator "NA"]
[PlyCount "29"]
[EventDate "2019.06.24"]
[EventType "schev"]
[EventCountry "TUR"]
[SourceTitle "playchess.com"]
[Source "ChessBase"]
[SourceQuality "1"]
[TimeControl "5400+30"]

1. c4 c5 2. Nc3 Nc6 3. Nf3 Nf6 4. g3 g6 5. Bg2 Bg7 6. O-O O-O 7. e4 e5 8. d3 d6 9. h3 h6 10. Be3 Be6 11. Nh4 Nh5 12. Nf3 Nf6 13. Nh4 Nh5 14. Nf3 Nf6 15. Nh4 1/2-1/2